 Dungeon Crawl Stone Soup version 0.28.0-53-g5a82cb258f (webtiles) character file.

Game seed: 5956845745693765042

65596 Peloso the Fencer (level 14, -19/137 HPs)
             Began as a Minotaur Fighter on July 11, 2022.
             Was the Champion of Okawaru.
             Killed from afar by a storm dragon (34 damage)
             ... with a bolt of lightning
             ... on level 13 of the Dungeon.
             The game lasted 00:56:00 (19436 turns).

Peloso the Fencer (Minotaur Fighter)               Turns: 19436, Time: 00:56:01

Health: -19/137    AC: 34    Str: 22    XL:     14   Next: 76%
Magic:  22/22      EV:  9    Int:  8    God:    Okawaru [******]
Gold:   1893       SH: 10    Dex: 16    Spells: 13/13 levels left

rFire   + + .      SeeInvis +   c - +7 scimitar "Becliaxe" {elec, rC+}
rCold   + . .      Faith    .   e - +1 buckler "Qoqoloff" {rF++ Slay+3}
rNeg    . . .      Spirit   .   D - +0 crystal plate armour
rPois   .          Reflect  .   o - +2 hat {Int+3}
rElec   .          Harm     .   f - +2 cloak
rCorr   .          Rampage  .   S - +0 pair of gloves {hurl}
Will    +....                   (no boots)
Stlth   ..........              x - amulet "Cisusy" {+Blink Regen+ MP+9 Dex+2 SInv}
HPRegen 1.12/turn               n - ring of see invisible
MPRegen 0.18/turn               v - ring of flight

@: heroic, flying
A: horns 2, retaliatory headbutt, low MP 1
a: Renounce Religion, Evoke Blink, Heroism, Finesse, Duel


You were on level 13 of the Dungeon.
You worshipped Okawaru.
Okawaru was exalted by your worship.
You visited 4 branches of the dungeon, and saw 20 of its levels.
You also visited: Bailey.

You collected 2551 gold pieces.
You spent 658 gold pieces at shops.

Inventory:

Hand Weapons
 a - the +4 double sword of Instant Death {freeze, rF+ Will+ Dex+4}
   (You took it off a gnoll sergeant in a bailey)

   It freezes those it strikes, dealing additional cold damage.
   It can also slow down cold-blooded creatures.
   Dex:       It affects your dexterity (+4).
   rF:        It protects you from fire.
   Will:      It increases your willpower.
 b - a +1 scimitar of flaming
 c - the +7 scimitar "Becliaxe" (weapon) {elec, rC+}
   (You found it on level 13 of the Dungeon)

   It occasionally discharges a powerful burst of electricity upon striking a
   foe.
   rC:        It protects you from cold.
 F - a +1 hand crossbow of flaming
Armour
 e - the +1 buckler "Qoqoloff" (worn) {rF++ Slay+3}
   (Okawaru gifted it to you on level 1 of the Orcish Mines)

   Slay:      It affects your accuracy & damage with ranged weapons and melee
   (+3).
   rF:        It greatly protects you from fire.
 f - a +2 cloak (worn)
 k - a +2 chain mail of cold resistance
 o - a +2 hat of intelligence (worn)
 p - a +0 plate armour of willpower
 r - a +3 chain mail of fire resistance
 s - a +0 plate armour of poison resistance
 D - a +0 crystal plate armour (worn)
 Q - the +1 hat "Kugay" {Drain Will+ Int+4 Dex+3}
   (Okawaru gifted it to you on level 12 of the Dungeon)

   Int:       It affects your intelligence (+4).
   Dex:       It affects your dexterity (+3).
   Drain:     It drains your maximum health when unequipped.
   Will:      It increases your willpower.
 S - a +0 pair of gloves of hurling (worn)
Jewellery
 g - an amulet of regeneration
 l - the ring "Cuicar" {rPois rF+ Will++ MP+9 Str-3}
   (You found it on level 3 of the Lair of Beasts)

   [ring of protection from fire]

   Str:       It affects your strength (-3).
   rF:        It protects you from fire.
   rPois:     It protects you from poison.
   MP:        It affects your magic capacity (+9).
   Will:      It greatly increases your willpower.
 n - a ring of see invisible (left hand)
 v - a ring of flight (right hand)
 x - the amulet "Cisusy" (around neck) {+Blink Regen+ MP+9 Dex+2 SInv}
   (You took it off a tengu warrior on level 13 of the Dungeon)

   [amulet of regeneration]

   Dex:       It affects your dexterity (+2).
   MP:        It affects your magic capacity (+9).
   SInv:      It lets you see invisible.
   +Blink:    It lets you blink.
   Regen:     It increases your rate of health regeneration.
Wands
 i - a wand of acid (2)
 U - a wand of paralysis (3)
Scrolls
 h - a scroll of amnesia
 j - 3 scrolls of noise
 q - 4 scrolls of magic mapping
 t - a scroll of identify
 u - 3 scrolls of blinking
 w - a scroll of acquirement {unknown}
 B - 2 scrolls of brand weapon {unknown}
 G - a scroll of fear
 M - a scroll of teleportation
 R - 2 scrolls of immolation
 T - a scroll of torment {unknown}
Potions
 d - 4 potions of might
 m - 8 potions of curing
 X - a potion of invisibility


   Skills:
 + Level 16.0(21.0) Fighting
 + Level 18.3(23.3) Long Blades
 + Level 15.3(20.3) Armour
 + Level 4.3(9.3) Dodging
 + Level 0.4(5.4) Stealth
 + Level 12.9(17.9) Shields
 + Level 2.4 Invocations
 + Level 1.2 Evocations


You had 13 spell levels left.
You didn't know any spells.
Your spell library contained the following spells:

 Spells                   Type           Power      Damage    Failure   Level
 Sting                    Tmut/Pois      0%         1d3       100%        1
 Corpse Rot               Necr/Air       0%         N/A       100%        2
 Poisonous Vapours        Pois/Air       0%         N/A       100%        2
 Static Discharge         Conj/Air       0%         N/A       100%        2
 Ignite Poison            Fire/Tmut/Pois 0%         N/A       100%        3
 Mephitic Cloud           Conj/Pois/Air  0%         N/A       100%        3
 Dispel Undead            Necr           0%         3d6       100%        4
 Olgreb's Toxic Radiance  Pois           0%         N/A       100%        4
 Sticky Flame             Conj/Fire      0%         2d3       100%        4
 Borgnjor's Vile Clutch   Necr/Erth      0%         N/A       100%        5
 Freezing Cloud           Conj/Ice/Air   0%         6-21      100%        5
 Eringya's Noxious Bog    Tmut/Pois      0%         N/A       100%        6
 Animate Dead             Necr           Unusable   N/A       N/A         4
 Summon Forest            Summ/Tloc      Unusable   N/A       N/A         5
 Death Channel            Necr           Unusable   N/A       N/A         6
 Summon Hydra             Summ           Unusable   N/A       N/A         7

Dungeon Overview and Level Annotations

Branches:
Dungeon (13/15)            Temple (1/1) D:4            Lair (4/6) D:10
  Swamp (0/4) Lair:4        Snake (0/4) Lair:4          Orc (2/2) D:10
    Elf (0/3) Orc:2        Vaults (0/5) D:13         Bailey (visited)

Altars:
Ashenzari
Cheibriados
Dithmenos
Kikubaaqudgha
Okawaru
Ru
Sif Muna
Trog
Uskayaw
Vehumet
Wu Jian
The Shining One
Beogh

Shops:
D:5 (   D:7 [   D:12 !   Orc:1 *(**!   Orc:2 *[*(=

Annotations:
D:6 3 runed translucent doors, duchin's ghost, novice DEFE
D:9 Casa
Lair:4 2 transporters, kalagan's ghost, journeyman DECj


Innate Abilities, Weirdness & Mutations

You have a pair of horns on your head.
You reflexively headbutt those who attack you in melee.
Your magical capacity is low. (-10% MP)


Message History

The storm dragon is severely wounded.
The storm dragon bites you but does no damage.
The storm dragon claws you but does no damage.
The storm dragon tramples you but does no damage.
You closely miss the storm dragon.
The storm dragon is severely wounded.
The storm dragon breathes lightning at you.
The bolt of lightning hits you!!
You hear a shout!
You completely miss the storm dragon.
The storm dragon is severely wounded.
The storm dragon misses you. You furiously retaliate!
You headbutt the storm dragon. The storm dragon barely misses you. x2
You hit the storm dragon.
You headbutt the storm dragon, but do no damage.
The storm dragon is severely wounded.
You block the storm dragon's attack.
The storm dragon claws you but does no damage.
You block the storm dragon's attack.
You slash the storm dragon!
The storm dragon is almost dead.
You block the storm dragon's attack. The storm dragon misses you.
The storm dragon closely misses you.
You slash the storm dragon!
The storm dragon is almost dead.
You closely miss the storm dragon.
The storm dragon is almost dead.
You block the storm dragon's attack. x2; The storm dragon tramples you.
* * * LOW HITPOINT WARNING * * *
You are shoved backwards!
You hit the storm dragon.
The storm dragon is almost dead.
The storm dragon breathes lightning at you.
The bolt of lightning hits you!!
* * * LOW HITPOINT WARNING * * *
You closely miss the storm dragon. You headbutt the storm dragon.
The storm dragon is almost dead.
The storm dragon breathes lightning at you.
The bolt of lightning hits you!!
You die...

#≈≈≈≈≈≈.≈≈≈≈≈≈#≈≈≈≈≈≈.≈≈ #.#
#≈≈≈≈≈...≈≈≈≈≈#≈≈≈≈≈...≈ #.#
#≈≈≈≈.....≈≈≈≈#≈≈≈≈..... #.###
#≈≈≈.......≈≈≈#≈≈≈...... #....
#≈≈..8...8..≈≈#≈≈..8...8 #.#.#
#≈......[....≈#≈........ #.#..
'......8...†..'.....(8(. #....
#≈....)......≈#≈D......^ #....
#≈≈..8...8..≈≈#≈@..8...8 #....
#≈≈≈.......≈≈≈#≈≈≈...... #....
#≈≈≈≈.....≈≈≈≈#≈≈≈≈..... ####.
#≈≈≈≈≈...≈≈≈≈≈#≈≈≈≈≈...≈ ##
#≈≈≈≈≈≈.≈≈≈≈≈≈#≈≈≈≈≈≈.≈≈ ##.
###############################..
...# #.# #.##....(... ..##
#.#######.####.###.. .##
#.........# #.####.


You could see a storm dragon (catching breath).

Vanquished Creatures
  Saint Roka (Orc:2)
  Rupert (D:13)
  Gastronok (Lair:3)
  2 orc warlords (Orc:1)
  2 boulder beetles
  6 hydras
  5 vault guards (D:13)
  An ogre mage (D:13)
  3 centaur warriors (D:13)
  Erica (D:8)
  8 two-headed ogres
  A tengu warrior (D:13)
  3 orc high priests
  A deep elf knight (D:13)
  Sonja (Orc:1)
  A fire crab (shapeshifter) (D:13)
  A flayed ghost (D:13)
  4 orc knights
  A manticore (D:12)
  An ugly thing (D:12)
  3 cyclopes
  3 orc sorcerers
  4 elephants (Lair:4)
  2 black mambas
  8 cane toads
  A gargoyle (D:12)
  Psyche (D:9)
  3 kobold demonologists
  6 komodo dragons
  2 tengu conjurers (D:13)
  8 trolls
  3 polar bears (Lair:3)
  8 blink frogs (Lair:3)
  8 slime creatures (D:12)
  6 dream sheep (Lair:1)
  A meliai zombie (D:10)
  Sigmund (D:6)
  A water elemental (D:13)
  2 vampires (D:12)
  A wraith (D:10)
  2 shadows
  2 centaur simulacra
  3 wyverns
  A yak (shapeshifter) (D:13)
  26 yaks
  A basilisk (Lair:2)
  A steam dragon (Lair:3)
  9 vampire mosquitoes
  5 wargs
  An acid dragon (D:8)
  3 nagas (Lair:4)
  7 water moccasins
  3 ice beasts
  43 orc warriors
  3 ogres
  A sky beast (D:6)
  4 black bears
  14 wolves
  7 centaurs
  2 phantoms
  5 bullfrogs
  2 kobold brigands
  10 gnoll sergeants
  2 scorpions
  12 killer bees
  3 wights (D:10)
  3 howler monkeys (D:9)
  5 electric eels
  2 centaur zombies
  A bullfrog zombie (D:5)
  16 orc priests
  A centaur skeleton (D:6)
  7 gnoll shamans
  8 hounds
  Crazy Yiuf (D:3)
  2 bullfrog skeletons
  4 iguanas
  Natasha (thrice) (D:3)
  22 orc wizards
  A killer bee zombie (D:7)
  A hound skeleton (D:4)
  19 gnolls
  2 howler monkey zombies (D:8)
  8 adders
  2 shadow imps
  2 worms (D:3)
  4 dart slugs
  63 orcs
  4 bats
  8 endoplasms
  13 hobgoblins
  3 jackals (D:1)
  14 kobolds
  3 quokkas
  4 ball pythons
  2 frilled lizards
  6 goblins
  5 rats
528 creatures vanquished.

Vanquished Creatures (others)
  2 orcs (Orc:2)
  9 fungi
  4 plants
15 creatures vanquished.

Grand Total: 543 creatures vanquished

Notes
Turn   | Place    | Note
-------+----------+-------------------------------------------
     0 | D:1      | Peloso the Minotaur Fighter began the quest for the Orb.
     0 | D:1      | Reached XP level 1. HP: 19/19 MP: 0/0
   414 | D:1      | Reached XP level 2. HP: 17/27 MP: 1/1
  1016 | D:2      | Found a faded altar of an unknown god.
  1062 | D:2      | Reached XP level 3. HP: 32/33 MP: 2/2
  1254 | D:2      | Reached skill level 3 in Long Blades
  1361 | D:2      | Reached XP level 4. HP: 41/41 MP: 3/3
  2186 | D:3      | Noticed Natasha
  2192 | D:3      | Killed Natasha
  2193 | D:3      | Reached skill level 1 in Dodging
  2193 | D:3      | Reached XP level 5. HP: 45/47 MP: 4/4
  2201 | D:3      | Noticed a phantom
  2217 | D:3      | Killed a phantom
  2218 | D:3      | Reached skill level 5 in Fighting
  2218 | D:3      | Reached skill level 4 in Long Blades
  2263 | D:3      | Found a runed translucent door.
  2264 | D:3      | Noticed Crazy Yiuf
  2586 | D:3      | Noticed Natasha
  2595 | D:3      | Killed Natasha
  2795 | D:4      | Found a staircase to the Ecumenical Temple.
  2814 | Temple   | Entered the Ecumenical Temple
  2820 | Temple   | Became a worshipper of Warmaster Okawaru
  2898 | D:4      | Reached XP level 6. HP: 56/56 MP: 5/5
  2955 | D:4      | Found a sacrificial altar of Ru.
  2981 | D:4      | Found a bloodstained altar of Trog.
  3134 | D:4      | Reached skill level 5 in Long Blades
  3134 | D:4      | Reached skill level 5 in Armour
  3600 | D:5      | Entered Level 5 of the Dungeon
  3600 | D:5      | Found Qidoecli's Antique Weapon Emporium.
  3685 | D:5      | Reached XP level 7. HP: 40/61 MP: 6/6
  3755 | D:5      | Reached * piety under Okawaru
  3756 | D:5      | Reached skill level 6 in Long Blades
  3958 | D:5      | Reached skill level 7 in Long Blades
  3964 | D:5      | Reached ** piety under Okawaru
  3965 | D:5      | Reached XP level 8. HP: 41/71 MP: 7/7
  4213 | D:3      | Killed Crazy Yiuf
  4214 | D:3      | Reached skill level 5 in Shields
  4267 | D:3      | Noticed Natasha
  4272 | D:3      | Killed Natasha
  4493 | D:6      | Noticed duchin's ghost (novice DEFE)
  4511 | D:6      | Noticed Sigmund
  4522 | D:6      | Killed Sigmund
  4523 | D:6      | Reached skill level 8 in Long Blades
  4628 | D:6      | Found a runed translucent gate.
  4629 | D:6      | Found a runed translucent gate.
  4630 | D:6      | Found a runed translucent gate.
  4687 | D:6      | Found an ancient bone altar of Kikubaaqudgha.
  4998 | D:7      | Reached skill level 9 in Long Blades
  5017 | D:7      | Reached *** piety under Okawaru
  5077 | D:7      | Found a shadowy altar of Dithmenos.
  5125 | D:7      | Reached XP level 9. HP: 50/79 MP: 8/8
  5251 | D:7      | Found Tycsuqic's Antique Armour Emporium.
  5485 | D:7      | Found a broken altar of Ashenzari.
  5537 | D:8      | Found a glowing golden altar of the Shining One.
  5638 | D:8      | Reached skill level 10 in Long Blades
  5661 | D:8      | Found a flagged portal.
  5693 | Bailey   | Entered a bailey
  5925 | Bailey   | Reached **** piety under Okawaru
  6117 | Bailey   | Identified the +4 double sword of Instant Death {freeze,
                  | rF+ Will+ Dex+4}
  6257 | Bailey   | Reached skill level 11 in Long Blades
  6458 | D:8      | Noticed Erica
  6468 | D:8      | Killed Erica
  6469 | D:8      | Reached XP level 10. HP: 83/91 MP: 7/9
  6613 | D:8      | Identified the +6 mace of Internal Strife {vorpal, Dex+5}
  6637 | D:8      | Noticed a two-headed ogre
  6645 | D:8      | Killed a two-headed ogre
  6646 | D:8      | Reached skill level 1 in Invocations
  7276 | D:9      | Noticed a two-headed ogre
  7282 | D:9      | Killed a two-headed ogre
  7282 | D:9      | Reached ***** piety under Okawaru
  7283 | D:9      | Reached skill level 12 in Long Blades
  7411 | D:9      | Reached skill level 10 in Fighting
  7425 | D:9      | Received a gift from Okawaru
  7426 | D:9      | Reached skill level 13 in Long Blades
  7469 | D:9      | Noticed Psyche
  7475 | D:9      | Killed Psyche
  7829 | D:10     | Entered Level 10 of the Dungeon
  7829 | D:10     | Noticed a two-headed ogre
  7840 | D:9      | Killed a two-headed ogre
  7841 | D:9      | Reached skill level 10 in Armour
  7841 | D:9      | Reached XP level 11. HP: 77/99 MP: 11/11
  7972 | D:10     | Found a staircase to the Lair.
  8300 | D:10     | Reached ****** piety under Okawaru
  8301 | D:10     | Reached skill level 1 in Evocations
  8326 | D:10     | Found a staircase to the Orcish Mines.
  8661 | D:10     | Noticed a two-headed ogre
  8669 | D:10     | Killed a two-headed ogre
  8935 | D:11     | Noticed a boulder beetle
  8946 | D:11     | Killed a boulder beetle
  8947 | D:11     | Reached skill level 14 in Long Blades
  8996 | D:11     | Noticed an orc knight
  9012 | D:11     | Killed an orc knight
  9012 | D:11     | Received a gift from Okawaru
  9059 | D:11     | Received a gift from Okawaru
  9155 | D:11     | Noticed a two-headed ogre
  9163 | D:11     | Killed a two-headed ogre
  9320 | D:11     | Noticed a two-headed ogre
  9325 | D:11     | Killed a two-headed ogre
  9332 | D:11     | Noticed a two-headed ogre
  9338 | D:11     | Killed a two-headed ogre
  9339 | D:11     | Reached skill level 15 in Long Blades
  9409 | D:11     | Reached XP level 12. HP: 109/110 MP: 12/12
  9480 | D:11     | Found a bloodstained altar of Trog.
  9902 | Lair:1   | Entered Level 1 of the Lair of Beasts
 10014 | Lair:1   | Noticed a four-headed hydra
 10022 | Lair:1   | Killed a one-headed hydra
 10212 | Lair:1   | You are sucked into a shaft and drop 1 floor!
 10385 | Lair:2   | Found a hide-covered altar of Uskayaw.
 10449 | Lair:2   | Reached skill level 16 in Long Blades
 11104 | Lair:1   | Noticed a seven-headed hydra
 11111 | Lair:1   | Killed a four-headed hydra
 11111 | Lair:1   | Identified the +1 ring mail of the Lute {Rampage rPois
                  | Str+3 Int+3} (Okawaru gifted it to you on level 1 of the
                  | Lair of Beasts)
 11111 | Lair:1   | Received a gift from Okawaru
 11547 | Lair:3   | Identified the ring "Cuicar" {rPois rF+ Will++ MP+9 Str-3}
 11736 | Lair:3   | Noticed a six-headed hydra
 11743 | Lair:3   | Killed a three-headed hydra
 11842 | Lair:3   | Noticed Gastronok
 11924 | Lair:3   | Killed Gastronok
 11925 | Lair:3   | Reached XP level 13. HP: 113/122 MP: 13/13
 12444 | Lair:4   | Found a staircase to the Swamp.
 12578 | Lair:4   | Found a staircase to the Snake Pit.
 12623 | Lair:4   | Reached skill level 17 in Long Blades
 12871 | Lair:4   | Found a transporter.
 12884 | Lair:4   | Noticed kalagan's ghost (journeyman DECj)
 12897 | Lair:4   | Found a transporter.
 13589 | D:12     | Found Wour's Distillery.
 13597 | D:12     | Reached skill level 10 in Shields
 13909 | D:12     | Identified the +1 hat "Kugay" {Drain Will+ Int+4 Dex+3}
                  | (Okawaru gifted it to you on level 12 of the Dungeon)
 13909 | D:12     | Received a gift from Okawaru
 14665 | Orc:1    | Entered Level 1 of the Orcish Mines
 14838 | Orc:1    | Found Vimaus's General Store.
 14872 | Orc:1    | Found Etroj's Assorted Antiques.
 14886 | Orc:1    | Bought a glowing cloak for 180 gold pieces
 14995 | Orc:1    | Found Rygaolia's Antique Weapon Shop.
 15005 | Orc:1    | Found Lilerr's Assorted Antiques.
 15013 | Orc:1    | Bought a scorched hand crossbow for 229 gold pieces
 15013 | Orc:1    | Identified the +4 hand crossbow "Qiteoxzy" {freeze, Contam
                  | rC+ Will+} (You bought it in a shop on level 1 of the
                  | Orcish Mines)
 15045 | Orc:1    | Bought a smoky coppery potion for 30 gold pieces
 15093 | Orc:1    | Found Zothrin's Distillery.
 15139 | Orc:1    | Bought a potion of heal wounds for 75 gold pieces
 15139 | Orc:1    | Bought a potion of berserk rage for 75 gold pieces
 15240 | Orc:2    | Entered Level 2 of the Orcish Mines
 15267 | Orc:2    | Found a staircase to the Elven Halls.
 15292 | Orc:2    | Gained mutation: Your magical capacity is low. (-10% MP) [a
                  | neqoxec]
 15309 | Orc:2    | Noticed Saint Roka
 15435 | Orc:2    | Noticed Sonja
 15989 | Orc:2    | Noticed an orc warlord
 16142 | Orc:1    | Killed Sonja
 16306 | Orc:1    | Killed an orc warlord
 16364 | Orc:2    | Noticed an orc warlord
 16600 | Orc:1    | Killed an orc warlord
 16912 | Orc:1    | Reached XP level 14. HP: 46/133 MP: 12/12
 17323 | Orc:2    | Killed Saint Roka
 17323 | Orc:2    | Received a gift from Okawaru
 17373 | Orc:2    | Found Koditud's Antique Armour Shop.
 17385 | Orc:2    | Reached skill level 15 in Fighting
 17424 | Orc:2    | Found Itsykias's Assorted Antiques.
 17436 | Orc:2    | Bought a scroll labelled ZINILE DOZ BIQ for 21 gold pieces
 17522 | Orc:2    | Found Huczoca's General Store.
 17528 | Orc:2    | Bought a potion of might for 48 gold pieces
 17714 | Orc:2    | Found Etixzi's Jewellery Shop.
 17729 | Orc:2    | Found Yrphos's Antique Weapon Shop.
 18080 | Orc:1    | Identified the +1 buckler "Qoqoloff" {rF++ Slay+3} (Okawaru
                  | gifted it to you on level 1 of the Orcish Mines)
 18080 | Orc:1    | Received a gift from Okawaru
 18345 | D:13     | Reached skill level 18 in Long Blades
 18640 | D:13     | Identified the amulet "Cisusy" {+Blink Regen+ MP+9 Dex+2
                  | SInv}
 18696 | D:13     | Identified the +7 scimitar "Becliaxe" {elec, rC+}
 19072 | D:13     | Noticed Rupert
 19174 | D:13     | Killed Rupert
 19175 | D:13     | Reached skill level 15 in Armour
 19197 | D:13     | Found a gate to the Vaults.
 19344 | D:13     | Paralysed by a floating eye for 4 turns
 19411 | D:13     | Noticed a storm dragon
 19436 | D:13     | Killed from afar by a storm dragon

Illustrated notes

Levels and vault maps discovered:
D:1:      dpeg_arrival_orchard, layout_loops_ring,
          amcnicky_mini_rare_corridor_liquid, chequers_serial_rivers_marsh
D:2:      layout_loops_corners, serial_glass, glass_columns_a, glass_columns_b,
          hellmonk_ecumenical_altar_blasted, minmay_tall_x
D:3:      layout_basic, uniq_crazy_yiuf_cottage, uniq_natasha
D:4:      layout_loops_cross, mainiacjoe_overflow_two_lobes,
          minmay_temple_entry_offerings, hangedman_abyss_or_decor_slice,
          serial_park_tiny_1, kennysheep_generic_room_7
D:5:      layout_cave_pools, serial_shops, shop
D:6:      layout_loops_ring, mainiacjoe_overflow_chevrons, gammafunk_ghost_icy,
          uniq_sigmund
D:7:      layout_basic, kennysheep_mini, grunt_dithmenos_smoke, serial_shops,
          kennysheep_mini_moat
D:8:      layout_rooms, tso_oasis_becter, enter_bailey_8, uniq_erica
D:9:      layout_long_grid, wad_floor_pattern_untrapped, uniq_psyche
D:10:     layout_loops_corners, erik_lair_island
D:11:     layout_cave_pods, trog_butcher_becter
D:12:     layout_loops_ring, serial_shops, nicolae_shop_stone
D:13:     kennysheep_four_of_diamonds, layout_loops_ring,
          grunt_vaults_entry_fortified, uniq_rupert
Temple:   eino_temple_rhombus
Lair:1:   layout_small_grid
Lair:2:   layout_regular_city, basic_altar, infiniplex_staircase_pool_2
Lair:3:   layout_concentric_octagons, lemuel_fruit_tree, uniq_gastronok
Lair:4:   layout_regular_city, swamp_mist, minmay_snake_entry_guardpost_small,
          gammafunk_ghost_berserking_beasts, serial_bayou_lagoon_a
Orc:1:    layout_caves, serial_shops, nicolae_shop_statue_plus,
          nicolae_shop_advertising_works [nicolae_subvault_shop_adworks],
          nicolae_shop_crystal, shop, shop
Orc:2:    grunt_orc_cross, layout_caves, serial_shops,
          nicolae_shop_behind_doors, basic_altar, kennysheep_orc_chapel,
          uniq_saint_roka, uniq_sonja

Skill      XL: |  1  2  3  4  5  6  7  8  9 10 11 12 13 14 |
---------------+-------------------------------------------+-----
Armour         | 4 5 6 7 8 10 11 12 14 15 | 15.3
Fighting       | 4 5 6 7 9 10 11 13 14 16 | 16.0
Shields        | 4 5 6 7 8 9 11 12 | 12.9
Long Blades    | 3 4 5 7 9 11 13 15 16 17 18 | 18.3
Dodging        | 1 2 3 4 |  4.3
Invocations    | 1 2 |  2.4
Evocations     | 1 |  1.2
Stealth        | |  0.4

Action                   |  1- 3 |  4- 6 |  7- 9 | 10-12 | 13-15 || total
-------------------------+-------+-------+-------+-------+-------++-------
Melee: Long sword        |    69 |   147 |   268 |       |       ||   484
       Headbutt          |     8 |    21 |    57 |   100 |   153 ||   339
       Double sword      |       |       |    23 |   372 |   562 ||   957
       Scimitar          |       |       |       |    14 |   121 ||   135
Invok: Heroism           |       |       |     7 |     5 |    20 ||    32
Evoke: Wand              |       |       |       |     8 |       ||     8
  Use: Scroll            |     3 |       |     8 |     6 |     5 ||    22
       Potion            |     2 |       |       |       |     3 ||     5
Armor: Scale mail        |    33 |    66 |   118 |       |       ||   217
       Crystal plate arm |       |       |    45 |   234 |   459 ||   738
Dodge: Dodged            |    31 |    56 |   148 |    72 |   195 ||   502
Block: Buckler           |     9 |    43 |   109 |    48 |    50 ||   259
       Kite shield       |       |       |       |   105 |   484 ||   589
